 Dungeon Crawl Stone Soup version 0.28.0-45-g0d030f2227 (webtiles) character file.

Game seed: 4560151778242985071

6398 kingofstarryskies the Peltast (level 10, -1/83 HPs)
             Began as a Hill Orc Fighter on Apr 13, 2022.
             Slain by an orc warrior
             ... wielding a +0 trident
              (9 damage)
             ... on level 9 of the Dungeon.
             The game lasted 00:32:21 (10418 turns).

kingofstarryskies the Peltast (Hill Orc Fighter)   Turns: 10418, Time: 00:32:21

Health: -1/83      AC: 16    Str: 26    XL:     10   Next: 98%
Magic:  10/10      EV:  8    Int:  8    God:
Gold:   637        SH:  8    Dex: 14    Spells: 9/9 levels left

rFire   . . .      SeeInvis +   a - +2 trident
rCold   . . .      Faith    .   c - +0 buckler
rNeg    . . .      Spirit   .   j - +3 chain mail "Hoaxub" {Dex+4}
rPois   +          Reflect  .   (no helmet)
rElec   .          Harm     .   z - +1 cloak
rCorr   .          Rampage  .   (no gloves)
Will    .....                   (no boots)
Stlth   ..........              m - amulet of regeneration
HPRegen 1.03/turn               e - ring of poison resistance
MPRegen 0.12/turn               p - ring of see invisible

@: no status effects
A: iridescent scales 1, strong 1
a: no special abilities


You were on level 9 of the Dungeon.
You visited 2 branches of the dungeon, and saw 10 of its levels.
You also visited: Sewer.

You collected 637 gold pieces.

Inventory:

Hand Weapons
 a - a +2 trident (weapon)
 g - a +2 quarterstaff of chaos
 o - a +0 scythe
 q - the +7 war axe of Distraction {vorpal, rElec Str-3 Int+4 SInv}
   (You found it on level 5 of the Dungeon)

   It inflicts extra damage upon your enemies.
   Str:       It affects your strength (-3).
   Int:       It affects your intelligence (+4).
   rElec:     It insulates you from electricity.
   SInv:      It lets you see invisible.
 x - a +1 trident of protection
Armour
 b - a +0 scale mail
 c - a +0 buckler (worn)
 i - a +0 cloak
 j - the +3 chain mail "Hoaxub" (worn) {Dex+4}
   (You found it on level 2 of the Dungeon)

   Dex:       It affects your dexterity (+4).
 u - a +4 chain mail of cold resistance
 z - a +1 cloak (worn)
Jewellery
 e - a ring of poison resistance (left hand)
 f - an amulet of faith
 k - a ring of willpower
 m - an amulet of regeneration (around neck)
 p - a ring of see invisible (right hand)
 C - a +6 ring of intelligence
Wands
 n - a wand of charming (4)
 s - a wand of flame (7)
 t - a wand of iceblast (7)
 v - a wand of polymorph (8)
Scrolls
 d - 4 scrolls of identify
 l - a scroll of fog
 r - a scroll of silence
 w - a scroll of blinking
 y - a scroll of teleportation
 B - a scroll of summoning {unknown}
 E - a scroll of noise {unknown}
Potions
 h - 4 potions of brilliance
 A - a potion of lignification {unknown}


   Skills:
 - Level 6.0 Fighting
 - Level 7.1 Polearms
 - Level 3.5 Armour
 - Level 0.2 Dodging
 * Level 15.8 Shields


You had 9 spell levels left.
You didn't know any spells.
Your spell library contained the following spells:

 Spells                   Type           Power      Damage    Failure   Level
 Pain                     Necr           0%         1d4       97%         1
 Blink                    Tloc           0%         N/A       99%         2
 Corpse Rot               Necr/Air       0%         N/A       99%         2
 Lesser Beckoning         Tloc           0%         N/A       100%        3
 Dispel Undead            Necr           0%         3d6       100%        4
 Fulminant Prism          Conj/Hex       0%         3d6       100%        4
 Iskenderun's Mystic Bla  Conj/Tloc      0%         2d3       100%        4
 Agony                    Necr           0%         N/A       100%        5
 Blade Hands              Tmut           0%         N/A       100%        5
 Excruciating Wounds      Necr           0%         N/A       100%        5
 Irradiate                Conj/Tmut      0%         3d13      100%        5
 Lee's Rapid Deconstruct  Erth           0%         3d5*      100%        5
 Manifold Assault         Tloc           0%         N/A       100%        5
 Death Channel            Necr           0%         N/A       100%        6
 Dragon Form              Tmut           0%         N/A       100%        7
 Storm Form               Tmut/Air       0%         N/A       100%        7
 Borgnjor's Revivificati  Necr           0%         N/A       100%        8
 Necromutation            Tmut/Necr      0%         N/A       100%        8
 Death's Door             Necr           0%         N/A       100%        9


Dungeon Overview and Level Annotations

Branches:
Dungeon (9/15)             Temple (1/1) D:5             Orc (0/2) D:9
  Sewer (visited)
   Lair: D:8-11

Altars:
Ashenzari
Cheibriados
Dithmenos
Elyvilon
Fedhas
Gozag
Hepliaklqana
Kikubaaqudgha
Makhleb
Nemelex Xobeh
Okawaru
Ru
Sif Muna
Trog
Uskayaw
Vehumet
Wu Jian
Xom
Yredelemnul
Zin
The Shining One

Shops:
D:2 (   D:3 (=

Annotations:
D:5 2 transporters, Soldner's ghost, novice HOFi


Innate Abilities, Weirdness & Mutations

You are partially covered in iridescent scales. (AC +2)
Your muscles are strong. (Str +2)


Message History

The black bear is severely wounded.
The black bear bites you but does no damage.
You block the black bear's attack. The black bear closely misses you.
You puncture the black bear!
The black bear is almost dead.
The black bear bites you but does no damage.
You block the black bear's attack.
The black bear claws you but does no damage.
You hit the black bear.
You kill the black bear!
You puncture the black bear!
The black bear is severely wounded.
The black bear goes berserk!
The orc warrior hits you from afar with a +0 trident.
* * * LOW HITPOINT WARNING * * *
You barely miss the black bear.
The black bear is severely wounded.
The black bear bites you but does no damage.
You block the black bear's attack. The black bear claws you.
* * * LOW HITPOINT WARNING * * *
You block the orc warrior's attack. The black bear bites you!
* * * LOW HITPOINT WARNING * * *
The black bear barely misses you.
The black bear claws you but does no damage.
You puncture the black bear!
You kill the black bear!
The centaur shoots an arrow.
The arrow hits you!
* * * LOW HITPOINT WARNING * * *
The orc warrior hits you from afar with a +0 trident.
* * * LOW HITPOINT WARNING * * *
The centaur shoots an arrow.
The arrow hits you but does no damage.
You feel much better.
The orc warrior hits you from afar with a +0 trident!
* * * LOW HITPOINT WARNING * * *
The centaur unwields a +0 shortbow.
The centaur hits you but does no damage.
The centaur kicks you but does no damage.
You hit the centaur but do no damage.
The orc warrior hits you from afar with a +0 trident!
You die...

P..P......................
.....................)....
..P................).>....
...P..o##[#######.##.)....
..PP...#...# #...#......
.......#.8.# #.8.#......
.......#o..## ##...#.#...#
.P.....##c#)###'####.##.#.
....... #@##.).## #######
....... #.##.>.# #...#..
#.##).)## #......
##.#'###)####.).... #...##
##...#)).... #[8.#
#.8.#)#..#. #...#
#...).###.. ##.##
##.##..#... ... #......#.#


You could see an orc warrior and a centaur.

Vanquished Creatures
  Pikel (D:6)
  Maurice (D:9)
  A troll (D:9)
  Sigmund (D:3)
  A shadow (D:8)
  2 steam dragons
  Menkaure (D:6)
  2 water moccasins
  4 orc warriors
  A sky beast (D:7)
  4 black bears
  3 ice beasts
  3 necrophages
  2 ogres
  A centaur (D:6)
  A phantom (D:7)
  Blork the orc (D:6)
  3 kobold brigands
  2 gnoll sergeants
  4 scorpions
  4 bullfrogs
  A wyvern zombie (D:7)
  A wyvern skeleton (D:7)
  A water moccasin skeleton (D:5)
  3 killer bees (D:7)
  2 howler monkeys
  7 wights
  5 jellies
  A bullfrog zombie (D:6)
  A centaur zombie (D:7)
  A crimson imp (D:4)
  4 hounds
  Crazy Yiuf (D:2)
  A bullfrog skeleton (D:6)
  2 orc priests (D:9)
  3 centaur skeletons
  A scorpion zombie (D:5)
  3 iguanas
  8 orc wizards
  2 gnolls
  A howler monkey skeleton (D:4)
  11 adders
  A shadow imp (D:7)
  2 white imps (D:7)
  An ufetubus (D:4)
  2 worms
  2 dart slugs
  53 orcs
  13 ball pythons
  14 endoplasms
  18 giant cockroaches
  5 goblins
  17 hobgoblins
  13 jackals
  11 quokkas
  5 bats
  13 frilled lizards
  16 kobolds
  7 rats
296 creatures vanquished.

Vanquished Creatures (others)
  A human (D:3)
  An orc wizard (D:4)
  8 fungi (D:9)
  11 plants (D:9)
21 creatures vanquished.

Grand Total: 317 creatures vanquished

Notes
Turn   | Place    | Note
-------+----------+-------------------------------------------
     0 | D:1      | kingofstarryskies the Hill Orc Fighter began the quest for
                  | the Orb.
     0 | D:1      | Reached XP level 1. HP: 19/19 MP: 1/1
    27 | D:1      | Reached XP level 2. HP: 22/27 MP: 2/2
   505 | D:1      | Reached skill level 4 in Shields
   564 | D:1      | Found a faded altar of an unknown god.
   586 | D:1      | Reached XP level 3. HP: 31/33 MP: 3/3
  1363 | D:2      | Found Tiobutza's Weapon Shoppe.
  1588 | D:2      | Identified the +3 chain mail "Hoaxub" {Dex+4}
  1996 | D:2      | Found a runed translucent door.
  1997 | D:2      | Noticed Crazy Yiuf
  2009 | D:2      | Killed Crazy Yiuf
  2010 | D:2      | Reached skill level 5 in Shields
  2010 | D:2      | Reached XP level 4. HP: 25/40 MP: 4/4
  2383 | D:3      | Found a shimmering altar of Xom.
  2441 | D:3      | Noticed an ice beast
  2452 | D:3      | Killed an ice beast
  2453 | D:3      | Reached skill level 6 in Shields
  2453 | D:3      | Reached XP level 5. HP: 46/46 MP: 5/5
  2735 | D:3      | Found Boocil's Jewellery Shoppe.
  2868 | D:3      | Found an ancient bone altar of Kikubaaqudgha.
  2868 | D:3      | Noticed a human
  2871 | D:3      | Killed a human
  3083 | D:3      | Reached XP level 6. HP: 43/52 MP: 6/6
  3168 | D:3      | Reached skill level 7 in Shields
  3285 | D:3      | Noticed Sigmund
  3287 | D:3      | Found Sumex's Antique Weapon Shoppe.
  3293 | D:3      | Killed Sigmund
  3294 | D:3      | Reached skill level 8 in Shields
  3354 | D:4      | Noticed a necrophage
  3379 | D:4      | Killed a necrophage
  3380 | D:4      | Reached XP level 7. HP: 46/58 MP: 7/7
  3476 | D:4      | Found a sacrificial altar of Ru.
  3527 | D:4      | Found a hide-covered altar of Uskayaw.
  3527 | D:4      | Found a bloodstained altar of Trog.
  3527 | D:4      | Found a basalt altar of Yredelemnul.
  3529 | D:4      | Found an iron altar of Okawaru.
  3666 | D:4      | Found a radiant altar of Vehumet.
  3666 | D:4      | Found a burning altar of Makhleb.
  3813 | D:4      | Reached skill level 5 in Polearms
  3813 | D:4      | Reached XP level 8. HP: 67/67 MP: 8/8
  4222 | D:5      | Entered Level 5 of the Dungeon
  4228 | D:5      | Found a transporter.
  4266 | D:5      | Reached skill level 5 in Fighting
  4423 | D:5      | Identified the +7 war axe of Distraction {vorpal, rElec
                  | Str-3 Int+4 SInv}
  5144 | D:5      | Noticed Soldner's ghost (novice HOFi)
  5145 | D:5      | Found a transporter.
  5164 | D:5      | Found a staircase to the Ecumenical Temple.
  5182 | Temple   | Entered the Ecumenical Temple
  6106 | D:6      | Noticed Menkaure
  6112 | D:6      | Killed Menkaure
  6113 | D:6      | Reached skill level 9 in Shields
  6165 | D:6      | Found a glowing drain.
  6198 | Sewer    | Entered a sewer
  6485 | Sewer    | Reached XP level 9. HP: 75/75 MP: 9/9
  6539 | Sewer    | Reached skill level 10 in Shields
  6803 | D:6      | Found a hazy altar of Hepliaklqana.
  6840 | D:6      | Noticed Pikel
  6847 | D:6      | Noticed Blork the orc
  6860 | D:6      | Killed Pikel
  6861 | D:6      | Reached skill level 11 in Shields
  6869 | D:6      | Killed Blork the orc
  7136 | D:6      | Reached skill level 12 in Shields
  7470 | D:7      | Found an ornate altar of the Wu Jian Council.
  7582 | D:7      | Reached XP level 10. HP: 54/79 MP: 10/10
  7619 | D:7      | Reached skill level 13 in Shields
  8462 | D:7      | Reached skill level 14 in Shields
  8880 | D:8      | Gained mutation: Your muscles are strong. (Str +2) [potion
                  | of mutation]
  8880 | D:8      | Gained mutation: You are partially covered in iridescent
                  | scales. (AC +2) [potion of mutation]
  9354 | D:8      | Found a snail-covered altar of Cheibriados.
  9965 | D:9      | Found a staircase to the Orcish Mines.
 10115 | D:9      | Noticed Maurice
 10188 | D:9      | Killed Maurice
 10189 | D:9      | Reached skill level 15 in Shields
 10416 | D:9      | HP: 1/83 [orc warrior/+0 trident (6)]
 10418 | D:9      | Slain by an orc warrior

Illustrated notes

Levels and vault maps discovered:
D:1:      minmay_arrival_jagged, layout_loops_ring,
          shapermc_ecumenical_altar_notcrosses, minmay_misc_feat_enclosed
D:2:      layout_basic, serial_shops, nicolae_shop_bloodbath_and_beyond,
          kennysheep_cross_bottleneck, uniq_crazy_yiuf_cottage
D:3:      layout_rooms, tgw_xom, tgw_kikubaaqudgha, serial_shops, shop_statue,
          nicolae_shop_advertising_works [nicolae_subvault_shop_adworks],
          uniq_sigmund
D:4:      layout_basic, grunt_temple_overflow_lords_of_destruction,
          hangedman_ru_absence, chequers_temple_overflow_statue_of_worship,
          minmay_surrounded
D:5:      layout_loops_corners, temple_fountains, gammafunk_ghost_arena,
          minmay_increasing_density
D:6:      layout_gridville, mainiacjoe_overflow_small_starburst,
          portal_sewer_entry_e, uniq_pikel, uniq_blork_the_orc, uniq_menkaure
D:7:      minmay_razor_zed, layout_rooms, nicolae_wu_jian_wuxing_cycle,
          kennysheep_generic_room_6
D:8:      layout_cave_pods, slow_altar_2, nicolae_overflow_hidden_temple,
          minmay_misc_feat_square, nicolae_concentric_dashed_squares_mild,
          kennysheep_generic_room_10
D:9:      layout_cross, grunt_lair_entry_orc_guard_hut, hiddenorc2_lemuel,
          columned_hall_lemuel, uniq_maurice
Temple:   grunt_temple_mini_profane

Skill      XL: |  1  2  3  4  5  6  7  8  9 10 |
---------------+-------------------------------+-----
Shields        | 4 5 6 8 9 12 15 | 15.8
Fighting       | 4 6 |  6.0
Polearms       | 5 7 |  7.1
Armour         | |  3.5
Dodging        | |  0.2

Action                   |  1- 3 |  4- 6 |  7- 9 | 10-12 || total
-------------------------+-------+-------+-------+-------++-------
Melee: Trident           |   159 |   135 |   681 |   471 ||  1446
  Use: Scroll            |     2 |     2 |     3 |     5 ||    12
       Potion            |     2 |     2 |     3 |     5 ||    12
 Stab: Distracted        |     1 |       |       |       ||     1
Armor: Scale mail        |    61 |       |       |       ||    61
       Chain mail        |     2 |   105 |   351 |   238 ||   696
Dodge: Dodged            |    70 |    59 |   186 |   167 ||   482
Block: Buckler           |    31 |    49 |   194 |   181 ||   455
